Bruins vs Blackhawks
Created - 19 février 2013 at 19:06
Goals
|
| Bruins |
0 |
2 |
2 |
4 |
| Blackhawks |
0 |
1 |
1 |
2 |
|
Shots
|
| Bruins |
11 |
14 |
8 |
33 |
| Blackhawks |
7 |
16 |
15 |
38 |
|
1st period
No Goal
Penalties :
Jeff Carter (Bos) for Holding (Minor) at 12:41, Francis Bouillon (Chi) for Tripping (Minor) at 16:55
2nd period
1. Blackhawks , Hnat Domenichelli 5 (Joe Sakic, Chris Gratton) at 4:12
2. Bruins , Jeff Carter 15 (Scott Hartnell, Vitali Yachmenev) at 9:40
3. Bruins , Matt Cooke 5 (Matt Hendricks, Richard Lintner) at 15:31
Penalties :
Chris Gratton (Chi) for Hooking (Minor) at 12:37, Zdeno Chara (Bos) for Elbowing (Minor) at 17:55
3rd period
4. Bruins , Jeff Carter 16 (Andrew Alberts, Vitali Yachmenev) at 7:56
5. Bruins , Wojtek Wolski 25 (Eric Lindros, Daniel Briere) at 9:20 (PP)
6. Blackhawks , Kris Versteeg 22 (Daniel Carcillo, Chris Gratton) at 15:32
Penalties :
Martin Havlat (Chi) for Slashing (Minor) at 8:56, Jeff Carter (Bos) for Roughing (Minor) at 9:48
Goalie Stats
Evgeni Nabokov (Bos), 36 saves from 38 shots - (0,947), W, 18-13-5, 60:00 minutes
Tyler Weiman (Chi), 29 saves from 33 shots - (0,879), L, 11-9-3, 60:00 minutes
Players Stats for Bruins
Player Name G A P +/- PIM S H SB GA TA FO MP PP MP PK MP
------------------------------------------------------------------------------------
Andrew Alberts 0 1 1 1 0 2 1 0 0 0 0/0 27:35 1:44 3:40
Christoph Schubert 0 0 0 1 0 3 0 1 0 0 0/0 13:23 0:00 1:11
Daniel Briere 0 1 1 0 0 2 3 0 0 0 0/0 23:24 2:28 3:01
Eric Lindros 0 1 1 0 0 3 5 0 1 0 21/32 23:36 2:28 3:03
Jeff Carter 2 0 2 1 4 4 3 0 0 1 5/12 15:42 1:50 0:21
Joe Corvo 0 0 0 -1 0 1 2 1 0 1 0/0 18:19 2:38 0:00
Matt Cooke 1 0 1 1 0 1 1 0 0 0 0/1 9:24 0:00 2:03
Matt Hendricks 0 1 1 1 0 0 1 1 0 0 2/6 7:04 0:00 0:22
Michael Ryder 0 0 0 1 0 2 0 0 0 0 0/0 7:32 0:04 0:00
Richard Lintner 0 1 1 1 0 2 1 1 0 1 0/0 14:06 0:00 2:17
Ryan O'Byrne 0 0 0 -1 0 0 1 2 0 1 0/0 20:28 1:44 2:26
Scott Hartnell 0 1 1 1 0 1 2 0 0 1 0/0 17:08 1:50 2:03
Scottie Upshall 0 0 0 -1 0 3 1 1 0 0 1/1 11:33 0:04 0:00
Victor Oreskovich 0 0 0 -1 0 3 1 0 1 0 0/0 11:14 0:04 0:00
Vitali Yachmenev 0 2 2 1 0 0 1 0 1 1 0/0 14:53 1:50 0:00
Wayne Primeau 0 0 0 -1 0 1 1 0 0 0 2/5 10:55 0:00 0:00
Wojtek Wolski 1 0 1 0 0 3 0 0 1 0 0/2 21:36 2:28 1:01
Zdeno Chara 0 0 0 1 2 2 1 1 0 3 0/0 26:08 2:38 2:20
Players Stats for Blackhawks
Player Name G A P +/- PIM S H SB GA TA FO MP PP MP PK MP
------------------------------------------------------------------------------------
Alexander Frolov 0 0 0 -1 0 5 1 0 0 0 0/0 15:52 2:36 0:42
Brooks Laich 0 0 0 -1 0 0 0 0 0 0 6/11 13:27 0:00 0:35
Chris Gratton 0 2 2 -1 2 2 0 0 0 0 4/6 8:58 0:00 0:28
Colby Armstrong 0 0 0 -1 0 0 2 0 0 1 0/0 14:51 0:00 2:24
Dan Hinote 0 0 0 -1 0 1 1 0 0 0 0/1 8:11 0:00 0:00
Daniel Carcillo 0 1 1 -1 0 3 1 0 0 0 0/0 8:11 0:00 0:00
Francis Bouillon 0 0 0 -1 2 5 2 2 0 1 0/0 25:29 2:03 0:54
Greg De Vries 0 0 0 0 0 0 2 4 1 0 0/0 12:28 0:00 0:46
Hnat Domenichelli 1 0 1 0 0 7 1 0 0 0 0/0 12:05 0:00 0:00
Joe Sakic 0 1 1 0 0 2 0 0 0 0 5/9 15:25 3:21 0:00
Kris Versteeg 1 0 1 1 0 6 1 0 3 0 1/2 21:19 3:21 1:07
Kristopher Letang 0 0 0 0 0 0 1 2 0 1 0/0 19:47 3:54 0:00
Martin Havlat 0 0 0 1 2 0 2 1 0 1 1/2 21:15 3:21 1:08
Matthew Spiller 0 0 0 0 0 0 0 2 0 0 0/0 13:59 0:00 2:17
Nicklas Lidstrom 0 0 0 -1 0 1 1 3 3 0 0/0 28:00 3:54 2:05
Nikita Alexeev 0 0 0 0 0 3 3 1 1 0 0/1 14:19 2:36 0:00
Scott Gomez 0 0 0 1 0 1 1 0 1 0 11/27 21:39 2:36 2:20
Steve McCarthy 0 0 0 0 0 2 0 0 0 0 0/0 20:20 2:03 2:42
3 Stars
1 - Jeff Carter (Bos)
2 - Evgeni Nabokov (Bos)
3 - Kris Versteeg (Chi)
Power Play
Bruins - 1 on 3 Attempt(s) - 33,33%
Blackhawks - 0 on 3 Attempt(s) - 0,00%
Penalty Kill
Bruins - 3 on 3 Attempt(s) - 100,00%
- Score 0 goal in Penalty Kill
Blackhawks - 2 on 3 Attempt(s) - 66,67%
- Score 0 goal in Penalty Kill
Official
Referees : L'Ecuyer Frederick and Hasenfratz Mike
Linesman : Scott Cherrey and Andy McElman
Game Notes
No Game Note
Finance
Level 1 -- Attendance: 5495 (91,58%) -- Ticket Income 483 560 $
Level 2 -- Attendance: 4940 (98,80%) -- Ticket Income 261 820 $
Level 3 -- Attendance: 1891 (94,55%) -- Ticket Income 64 294 $
Level 4 -- Attendance: 3673 (91,83%) -- Ticket Income 69 787 $
Luxury Box -- Attendance: 972 (97,20%) -- Ticket Income 170 100 $
Game was played at the Chicago Stadium
Total Attendance: 16971 (94,28%)
Total Ticket Income: 1 049 561 $
Total Income: 1 049 561 $
Bruins
5 vs 5 Forward
Center Left Wing Right Wing Time % Phy DF OF
1 Eric Lindros Wojtek Wolski Daniel Briere 40 0 2 3
2 Jeff Carter Scott Hartnell Vitali Yachmenev 30 0 2 3
3 Wayne Primeau Scottie Upshall Victor Oreskovich 20 1 2 2
4 Matt Hendricks Matt Cooke Michael Ryder 10 1 2 2
5 vs 5 Defense
Defense Defense Time % Phy DF OF
1 Zdeno Chara Andrew Alberts 40 1 2 2
2 Ryan O'Byrne Joe Corvo 30 1 2 2
3 Richard Lintner Christoph Schubert 20 1 2 2
4 Zdeno Chara Andrew Alberts 10 1 2 2
PowerPlay Forward
Center Left Wing Right Wing Time % Phy DF OF
1 Eric Lindros Wojtek Wolski Daniel Briere 60 1 2 2
2 Jeff Carter Scott Hartnell Vitali Yachmenev 40 1 2 2
PowerPlay Defense
Defense Defense Time % Phy DF OF
1 Zdeno Chara Joe Corvo 60 1 2 2
2 Ryan O'Byrne Andrew Alberts 40 1 2 2
Penalty Kill 4 Players Forward
Center Wing Time % Phy DF OF
1 Eric Lindros Daniel Briere 60 1 2 2
2 Wojtek Wolski Scott Hartnell 40 1 2 2
Penalty Kill 4 Players Defense
Defense Defense Time % Phy DF OF
1 Zdeno Chara Andrew Alberts 60 1 2 2
2 Ryan O'Byrne Richard Lintner 40 1 2 2
Penalty Kill - 3 Players Forward
Forward Time % Phy DF OF
1 Eric Lindros 60 1 2 2
2 Daniel Briere 40 1 2 2
Penalty Kill - 3 Players Defense
Defense Defense Time % Phy DF OF
1 Zdeno Chara Andrew Alberts 60 1 2 2
2 Ryan O'Byrne Richard Lintner 40 1 2 2
4 vs 4 Forward
Center Wing Time % Phy DF OF
1 Eric Lindros Daniel Briere 60 1 2 2
2 Wojtek Wolski Scott Hartnell 40 1 2 2
4 vs 4 Defense
Defense Defense Time % Phy DF OF
1 Zdeno Chara Andrew Alberts 60 1 2 2
2 Ryan O'Byrne Joe Corvo 40 1 2 2
Last Minutes Offensive
Center Left Wing Right Wing Defense Defense
Eric Lindros Wojtek Wolski Daniel Briere Zdeno Chara Andrew Alberts
Last Minutes Defensive
Center Left Wing Right Wing Defense Defense
Eric Lindros Wojtek Wolski Daniel Briere Zdeno Chara Andrew Alberts
Goaltenders
Starting : Evgeni Nabokov
Backup : Scott Clemmensen
Extra Forwards
Normal : Michael Ryder, Scottie Upshall, Matt Cooke - PP : Michael Ryder, Scottie Upshall - PK : Matt Cooke
Extra Defensemen
Normal : Richard Lintner, Christoph Schubert, Ryan O'Byrne - PP : Richard Lintner - PK : Christoph Schubert, Ryan O'Byrne
Penalty Shots
Eric Lindros, Daniel Briere, Wojtek Wolski, Scott Hartnell, Jeff Carter
Blackhawks
5 vs 5 Forward
Center Left Wing Right Wing Time % Phy DF OF
1 Scott Gomez Kris Versteeg Martin Havlat 40 1 2 2
2 Brooks Laich Alexander Frolov Colby Armstrong 30 1 2 2
3 Joe Sakic Hnat Domenichelli Nikita Alexeev 20 1 2 2
4 Chris Gratton Daniel Carcillo Dan Hinote 10 1 2 2
5 vs 5 Defense
Defense Defense Time % Phy DF OF
1 Nicklas Lidstrom Francis Bouillon 40 1 2 2
2 Steve McCarthy Kristopher Letang 30 1 2 2
3 Greg De Vries Matthew Spiller 20 1 2 2
4 Nicklas Lidstrom Francis Bouillon 10 1 2 2
PowerPlay Forward
Center Left Wing Right Wing Time % Phy DF OF
1 Joe Sakic Kris Versteeg Martin Havlat 60 1 2 2
2 Scott Gomez Alexander Frolov Nikita Alexeev 40 1 2 2
PowerPlay Defense
Defense Defense Time % Phy DF OF
1 Nicklas Lidstrom Kristopher Letang 60 1 2 2
2 Steve McCarthy Francis Bouillon 40 1 2 2
Penalty Kill 4 Players Forward
Center Wing Time % Phy DF OF
1 Scott Gomez Colby Armstrong 60 1 2 2
2 Chris Gratton Kris Versteeg 40 1 2 2
Penalty Kill 4 Players Defense
Defense Defense Time % Phy DF OF
1 Steve McCarthy Matthew Spiller 60 1 2 2
2 Francis Bouillon Nicklas Lidstrom 40 1 2 2
Penalty Kill - 3 Players Forward
Forward Time % Phy DF OF
1 Joe Sakic 60 1 2 2
2 Martin Havlat 40 1 2 2
Penalty Kill - 3 Players Defense
Defense Defense Time % Phy DF OF
1 Steve McCarthy Matthew Spiller 60 1 2 2
2 Nicklas Lidstrom Kristopher Letang 40 1 2 2
4 vs 4 Forward
Center Wing Time % Phy DF OF
1 Joe Sakic Martin Havlat 60 1 2 2
2 Scott Gomez Kris Versteeg 40 1 2 2
4 vs 4 Defense
Defense Defense Time % Phy DF OF
1 Nicklas Lidstrom Francis Bouillon 60 1 2 2
2 Steve McCarthy Kristopher Letang 40 1 2 2
Last Minutes Offensive
Center Left Wing Right Wing Defense Defense
Joe Sakic Kris Versteeg Martin Havlat Nicklas Lidstrom Francis Bouillon
Last Minutes Defensive
Center Left Wing Right Wing Defense Defense
Joe Sakic Kris Versteeg Martin Havlat Nicklas Lidstrom Francis Bouillon
Goaltenders
Starting : Tyler Weiman
Backup : Jocelyn Thibault
Extra Forwards
Normal : Hnat Domenichelli, Joe Sakic, Brooks Laich - PP : Brooks Laich, Colby Armstrong - PK : Martin Havlat
Extra Defensemen
Normal : Greg De Vries, Matthew Spiller, Steve McCarthy - PP : Greg De Vries - PK : Matthew Spiller, Steve McCarthy
Penalty Shots
Joe Sakic, Martin Havlat, Kris Versteeg, Scott Gomez, Alexander Frolov
% Time on Ice - Bruins
Lines # - Real PCT - Wanted PCT - Time Play
Normal Forward
1 - 38% - 40% - 18:49
2 - 27% - 30% - 13:15
3 - 22% - 20% - 10:55
4 - 13% - 10% - 6:42
Normal Defense
1 - 39% - 40% - 19:14
2 - 34% - 30% - 16:54
3 - 23% - 20% - 11:36
4 - 4% - 10% - 1:57
PP Forward
1 - 58% - 60% - 2:32
2 - 42% - 40% - 1:50
PP Defense
1 - 60% - 60% - 2:38
2 - 40% - 40% - 1:44
PK Forward
1 - 83% - 60% - 4:56
2 - 17% - 40% - 1:01
PK Defense
1 - 62% - 60% - 3:40
2 - 38% - 40% - 2:17
PK3 Forward
1 - 0% - 60%
2 - 0% - 40%
PK3 Defense
1 - 0% - 60%
2 - 0% - 40%
44 Forward
1 - 0% - 60%
2 - 0% - 40%
44 Defense
1 - 0% - 60%
2 - 0% - 40%
Last Minute Offensive - 0:00
Last Minute Defensive - 0:00
Total
Forward - 60:00
Defense - 60:00
|
% Time on Ice - Blackhawks
Lines # - Real PCT - Wanted PCT - Time Play
Normal Forward
1 - 35% - 40% - 17:27
2 - 25% - 30% - 12:25
3 - 23% - 20% - 11:38
4 - 16% - 10% - 8:11
Normal Defense
1 - 41% - 40% - 20:08
2 - 32% - 30% - 15:45
3 - 23% - 20% - 11:38
4 - 4% - 10% - 2:10
PP Forward
1 - 56% - 60% - 3:21
2 - 44% - 40% - 2:36
PP Defense
1 - 66% - 60% - 3:54
2 - 34% - 40% - 2:03
PK Forward
1 - 74% - 60% - 3:15
2 - 26% - 40% - 1:07
PK Defense
1 - 52% - 60% - 2:17
2 - 48% - 40% - 2:05
PK3 Forward
1 - 0% - 60%
2 - 0% - 40%
PK3 Defense
1 - 0% - 60%
2 - 0% - 40%
44 Forward
1 - 0% - 60%
2 - 0% - 40%
44 Defense
1 - 0% - 60%
2 - 0% - 40%
Last Minute Offensive - 0:00
Last Minute Defensive - 0:00
Total
Forward - 60:00
Defense - 60:00
|
Play by Play
1st period
0:01 of 1st period - Eric Lindros wins face-off versus Scott Gomez in neutral zone.
0:26 of 1st period - Wrist shot by Alexander Frolov.
0:26 of 1st period - Shot Misses the Net.
0:53 of 1st period - Wrist shot by Joe Sakic.
0:53 of 1st period - Stopped by Evgeni Nabokov with a rebound.
1:09 of 1st period - Greg De Vries is hit by Joe Corvo and loses puck.
1:26 of 1st period - Wrist shot by Eric Lindros.
1:26 of 1st period - Shot Blocked by Greg De Vries.
1:29 of 1st period - Icing by Greg De Vries.
1:30 of 1st period - Eric Lindros wins face-off versus Scott Gomez in Blackhawks zone.
2:05 of 1st period - Wrist shot by Eric Lindros.
2:05 of 1st period - Stopped by Tyler Weiman with a rebound.
2:07 of 1st period - Slapshot by Richard Lintner.
2:07 of 1st period - Stopped by Tyler Weiman with a rebound.
2:09 of 1st period - Snap shot by Richard Lintner.
2:09 of 1st period - Stopped by Tyler Weiman without a rebound.
2:10 of 1st period - Brooks Laich wins face-off versus Jeff Carter in Blackhawks zone.
2:10 of 1st period - Brooks Laich is hit by Scott Hartnell.
2:45 of 1st period - Snap shot by Scottie Upshall.
2:45 of 1st period - Shot Blocked by Francis Bouillon.
2:47 of 1st period - Wrist shot by Scottie Upshall.
2:47 of 1st period - Stopped by Tyler Weiman with a rebound.
4:21 of 1st period - Icing by Matt Cooke.
4:22 of 1st period - Chris Gratton wins face-off versus Matt Hendricks in Bruins zone.
4:56 of 1st period - Joe Corvo is hit by Colby Armstrong and loses puck.
5:11 of 1st period - Backhand shot by Nikita Alexeev.
5:11 of 1st period - Deflect By Hnat Domenichelli.
5:11 of 1st period - Stopped by Evgeni Nabokov with a rebound.
5:29 of 1st period - Backhand shot by Eric Lindros.
5:29 of 1st period - Stopped by Tyler Weiman with a rebound.
6:13 of 1st period - Slapshot by Zdeno Chara.
6:13 of 1st period - Shot Misses the Net.
6:15 of 1st period - Slapshot by Andrew Alberts.
6:15 of 1st period - Deflect By Francis Bouillon.
6:15 of 1st period - Stopped by Tyler Weiman with a rebound.
6:37 of 1st period - Snap shot by Brooks Laich.
6:37 of 1st period - Deflect By Alexander Frolov.
6:37 of 1st period - Stopped by Evgeni Nabokov with a rebound.
6:39 of 1st period - Snap shot by Alexander Frolov.
6:39 of 1st period - Shot Misses the Net.
6:54 of 1st period - Slapshot by Zdeno Chara.
6:54 of 1st period - Stopped by Tyler Weiman with a rebound.
6:56 of 1st period - Slapshot by Andrew Alberts.
6:56 of 1st period - Deflect By Kris Versteeg.
6:56 of 1st period - Stopped by Tyler Weiman with a rebound.
6:58 of 1st period - Slapshot by Vitali Yachmenev.
6:58 of 1st period - Shot Misses the Net.
7:00 of 1st period - Wrist shot by Zdeno Chara.
7:00 of 1st period - Stopped by Tyler Weiman without a rebound.
7:01 of 1st period - Brooks Laich wins face-off versus Wayne Primeau in Blackhawks zone.
8:16 of 1st period - Wrist shot by Daniel Briere.
8:16 of 1st period - Stopped by Tyler Weiman without a rebound.
8:17 of 1st period - Brooks Laich wins face-off versus Eric Lindros in Blackhawks zone.
8:26 of 1st period - Wrist shot by Brooks Laich.
8:26 of 1st period - Shot Misses the Net.
8:42 of 1st period - Joe Corvo is hit by Francis Bouillon and loses puck.
9:05 of 1st period - Scott Gomez is hit by Ryan O'Byrne and loses puck.
9:10 of 1st period - Wrist shot by Scottie Upshall.
9:10 of 1st period - Shot Blocked by Greg De Vries.
9:50 of 1st period - Wrist shot by Brooks Laich.
9:50 of 1st period - Shot Misses the Net.
10:22 of 1st period - Zdeno Chara is hit by Dan Hinote and loses puck.
10:55 of 1st period - Snap shot by Alexander Frolov.
10:55 of 1st period - Stopped by Evgeni Nabokov without a rebound.
10:56 of 1st period - Brooks Laich wins face-off versus Matt Hendricks in Bruins zone.
10:59 of 1st period - Wrist shot by Alexander Frolov.
10:59 of 1st period - Stopped by Evgeni Nabokov with a rebound.
11:01 of 1st period - Snap shot by Colby Armstrong.
11:01 of 1st period - Shot Misses the Net.
11:07 of 1st period - Wrist shot by Alexander Frolov.
11:07 of 1st period - Stopped by Evgeni Nabokov with a rebound.
11:09 of 1st period - Snap shot by Steve McCarthy.
11:09 of 1st period - Stopped by Evgeni Nabokov without a rebound.
11:10 of 1st period - Eric Lindros wins face-off versus Scott Gomez in Bruins zone.
11:17 of 1st period - Slapshot by Wojtek Wolski.
11:17 of 1st period - Deflect By Eric Lindros.
11:17 of 1st period - Shot Misses the Net.
11:17 of 1st period - Puck is out of play.
11:18 of 1st period - Scott Gomez wins face-off versus Eric Lindros in Blackhawks zone.
12:09 of 1st period - Snap shot by Joe Sakic.
12:09 of 1st period - Shot Blocked by Joe Corvo.
12:11 of 1st period - Snap shot by Hnat Domenichelli.
12:11 of 1st period - Deflect By Joe Sakic.
12:11 of 1st period - Shot Blocked by Ryan O'Byrne.
12:11 of 1st period - Puck is out of play.
12:12 of 1st period - Eric Lindros wins face-off versus Kris Versteeg in Bruins zone.
12:37 of 1st period - Jeff Carter is hit by Alexander Frolov and loses puck.
12:41 of 1st period - Minor Penalty to Jeff Carter for Holding.
12:42 of 1st period - Eric Lindros wins face-off versus Joe Sakic in Bruins zone.
14:41 of 1st period - Penalty to Jeff Carter is over, Jeff Carter is back on ice.
15:14 of 1st period - Matthew Spiller is hit by Jeff Carter and loses puck.
15:21 of 1st period - Wrist shot by Jeff Carter.
15:21 of 1st period - Shot Misses the Net.
15:31 of 1st period - Zdeno Chara is hit by Greg De Vries and loses puck.
16:55 of 1st period - Minor Penalty to Francis Bouillon for Tripping.
16:56 of 1st period - Scott Gomez wins face-off versus Eric Lindros in Blackhawks zone.
17:05 of 1st period - Scott Gomez is hit by Eric Lindros and loses puck.
17:20 of 1st period - Vitali Yachmenev is hit by Scott Gomez and loses puck.
17:56 of 1st period - Wojtek Wolski is hit by Kris Versteeg and loses puck.
18:21 of 1st period - Steve McCarthy is hit by Daniel Briere and loses puck.
18:55 of 1st period - Penalty to Francis Bouillon is over, Francis Bouillon is back on ice.
19:44 of 1st period - Snap shot by Victor Oreskovich.
19:44 of 1st period - Shot Misses the Net.
19:46 of 1st period - Slapshot by Victor Oreskovich.
19:46 of 1st period - Shot Misses the Net.
19:48 of 1st period - Slapshot by Wayne Primeau.
19:48 of 1st period - Deflect By Scottie Upshall.
19:48 of 1st period - Stopped by Tyler Weiman without a rebound.
19:49 of 1st period - Kris Versteeg wins face-off versus Matt Hendricks in Blackhawks zone.
19:49 of 1st period - Kris Versteeg is hit by Richard Lintner.
19:55 of 1st period - Slapshot by Steve McCarthy.
19:55 of 1st period - Shot Blocked by Matt Hendricks.
2nd period
0:01 of 2nd period - Eric Lindros wins face-off versus Scott Gomez in neutral zone.
0:25 of 2nd period - Eric Lindros is hit by Hnat Domenichelli and loses puck.
0:34 of 2nd period - Wrist shot by Nikita Alexeev.
0:34 of 2nd period - Stopped by Evgeni Nabokov without a rebound.
0:35 of 2nd period - Jeff Carter wins face-off versus Scott Gomez in Bruins zone.
0:46 of 2nd period - Wrist shot by Jeff Carter.
0:46 of 2nd period - Stopped by Tyler Weiman with a rebound.
0:48 of 2nd period - Slapshot by Christoph Schubert.
0:48 of 2nd period - Stopped by Tyler Weiman with a rebound.
1:04 of 2nd period - Wrist shot by Alexander Frolov.
1:04 of 2nd period - Stopped by Evgeni Nabokov with a rebound.
1:06 of 2nd period - Slapshot by Steve McCarthy.
1:06 of 2nd period - Stopped by Evgeni Nabokov without a rebound.
1:07 of 2nd period - Brooks Laich wins face-off versus Eric Lindros in Bruins zone.
1:22 of 2nd period - Nicklas Lidstrom is hit by Eric Lindros and loses puck.
1:33 of 2nd period - Jeff Carter is hit by Martin Havlat and loses puck.
2:04 of 2nd period - Wrist shot by Chris Gratton.
2:04 of 2nd period - Stopped by Evgeni Nabokov without a rebound.
2:05 of 2nd period - Chris Gratton wins face-off versus Eric Lindros in Bruins zone.
2:06 of 2nd period - Wrist shot by Nicklas Lidstrom.
2:06 of 2nd period - Shot Misses the Net.
2:08 of 2nd period - Snap shot by Daniel Carcillo.
2:08 of 2nd period - Stopped by Evgeni Nabokov with a rebound.
2:10 of 2nd period - Snap shot by Dan Hinote.
2:10 of 2nd period - Stopped by Evgeni Nabokov without a rebound.
2:11 of 2nd period - Scott Gomez wins face-off versus Wojtek Wolski in Bruins zone.
2:24 of 2nd period - Wrist shot by Daniel Briere.
2:24 of 2nd period - Shot Blocked by Nicklas Lidstrom.
2:26 of 2nd period - Wrist shot by Eric Lindros.
2:26 of 2nd period - Deflect By Wojtek Wolski.
2:26 of 2nd period - Shot Blocked by Nicklas Lidstrom.
2:26 of 2nd period - Puck is out of play.
2:27 of 2nd period - Brooks Laich wins face-off versus Jeff Carter in Blackhawks zone.
2:52 of 2nd period - Nicklas Lidstrom is hit by Daniel Briere and loses puck.
3:11 of 2nd period - Wrist shot by Scott Gomez.
3:11 of 2nd period - Stopped by Evgeni Nabokov with a rebound.
3:17 of 2nd period - Wrist shot by Joe Sakic.
3:17 of 2nd period - Shot Misses the Net.
3:19 of 2nd period - Wrist shot by Hnat Domenichelli.
3:19 of 2nd period - Shot Misses the Net.
3:21 of 2nd period - Slapshot by Francis Bouillon.
3:21 of 2nd period - Stopped by Evgeni Nabokov with a rebound.
3:23 of 2nd period - Slapshot by Nicklas Lidstrom.
3:23 of 2nd period - Shot Blocked by Ryan O'Byrne.
4:12 of 2nd period - Wrist shot by Joe Sakic.
4:12 of 2nd period - Deflect By Hnat Domenichelli.
4:12 of 2nd period - Goal by Hnat Domenichelli - Bruins : 0 - Blackhawks : 1.
4:13 of 2nd period - Eric Lindros wins face-off versus Scott Gomez in neutral zone.
5:01 of 2nd period - Snap shot by Michael Ryder.
5:01 of 2nd period - Stopped by Tyler Weiman with a rebound.
5:05 of 2nd period - Slapshot by Matt Cooke.
5:05 of 2nd period - Shot Misses the Net.
5:07 of 2nd period - Slapshot by Matt Cooke.
5:07 of 2nd period - Shot Misses the Net.
5:09 of 2nd period - Snap shot by Michael Ryder.
5:09 of 2nd period - Shot Misses the Net.
5:19 of 2nd period - Daniel Carcillo is hit by Daniel Briere and loses puck.
6:10 of 2nd period - Snap shot by Matt Cooke.
6:10 of 2nd period - Shot Blocked by Kristopher Letang.
6:36 of 2nd period - Daniel Carcillo is hit by Joe Corvo.
6:50 of 2nd period - Ryan O'Byrne is hit by Nicklas Lidstrom and loses puck.
7:14 of 2nd period - Icing by Vitali Yachmenev.
7:15 of 2nd period - Jeff Carter wins face-off versus Scott Gomez in Bruins zone.
7:20 of 2nd period - Wrist shot by Scott Hartnell.
7:20 of 2nd period - Shot Misses the Net.
7:26 of 2nd period - Snap shot by Francis Bouillon.
7:26 of 2nd period - Shot Misses the Net.
7:28 of 2nd period - Snap shot by Kris Versteeg.
7:28 of 2nd period - Stopped by Evgeni Nabokov with a rebound.
7:30 of 2nd period - Snap shot by Kris Versteeg.
7:30 of 2nd period - Stopped by Evgeni Nabokov with a rebound.
7:40 of 2nd period - Snap shot by Joe Corvo.
7:40 of 2nd period - Deflect By Eric Lindros.
7:40 of 2nd period - Deflect By Alexander Frolov.
7:40 of 2nd period - Shot Misses the Net.
7:40 of 2nd period - Puck is out of play.
7:41 of 2nd period - Eric Lindros wins face-off versus Brooks Laich in Blackhawks zone.
7:48 of 2nd period - Greg De Vries is hit by Andrew Alberts and loses puck.
7:57 of 2nd period - Colby Armstrong is hit by Eric Lindros and loses puck.
8:35 of 2nd period - Snap shot by Wayne Primeau.
8:35 of 2nd period - Shot Misses the Net.
8:37 of 2nd period - Slapshot by Christoph Schubert.
8:37 of 2nd period - Stopped by Tyler Weiman without a rebound.
8:38 of 2nd period - Eric Lindros wins face-off versus Scott Gomez in Blackhawks zone.
8:55 of 2nd period - Snap shot by Kris Versteeg.
8:55 of 2nd period - Shot Misses the Net.
9:20 of 2nd period - Slapshot by Eric Lindros.
9:20 of 2nd period - Shot Misses the Net.
9:22 of 2nd period - Snap shot by Wojtek Wolski.
9:22 of 2nd period - Shot Misses the Net.
9:24 of 2nd period - Slapshot by Eric Lindros.
9:24 of 2nd period - Stopped by Tyler Weiman with a rebound.
9:26 of 2nd period - Slapshot by Christoph Schubert.
9:26 of 2nd period - Stopped by Tyler Weiman with a rebound.
9:28 of 2nd period - Snap shot by Wojtek Wolski.
9:28 of 2nd period - Stopped by Tyler Weiman without a rebound.
9:29 of 2nd period - Jeff Carter wins face-off versus Brooks Laich in Blackhawks zone.
9:40 of 2nd period - Wrist shot by Scott Hartnell.
9:40 of 2nd period - Deflect By Jeff Carter.
9:40 of 2nd period - Goal by Jeff Carter - Bruins : 1 - Blackhawks : 1.
9:41 of 2nd period - Scott Gomez wins face-off versus Eric Lindros in neutral zone.
9:55 of 2nd period - Icing by Scott Gomez.
9:56 of 2nd period - Scott Gomez wins face-off versus Jeff Carter in Blackhawks zone.
10:03 of 2nd period - Francis Bouillon is hit by Zdeno Chara and loses puck.
10:36 of 2nd period - Ryan O'Byrne is hit by Francis Bouillon and loses puck.
10:56 of 2nd period - Icing by Greg De Vries.
10:57 of 2nd period - Jeff Carter wins face-off versus Chris Gratton in Blackhawks zone.
11:17 of 2nd period - Wrist shot by Daniel Carcillo.
11:17 of 2nd period - Shot Misses the Net.
11:20 of 2nd period - Icing by Vitali Yachmenev.
11:21 of 2nd period - Jeff Carter wins face-off versus Scott Gomez in Bruins zone.
11:21 of 2nd period - Jeff Carter is hit by Martin Havlat.
12:28 of 2nd period - Snap shot by Francis Bouillon.
12:28 of 2nd period - Deflect By Matt Cooke.
12:28 of 2nd period - Stopped by Evgeni Nabokov without a rebound.
12:29 of 2nd period - Matt Hendricks wins face-off versus Dan Hinote in Bruins zone.
12:29 of 2nd period - Matt Hendricks is hit by Kristopher Letang.
12:37 of 2nd period - Minor Penalty to Chris Gratton for Hooking.
12:38 of 2nd period - Eric Lindros wins face-off versus Scott Gomez in Blackhawks zone.
13:08 of 2nd period - Colby Armstrong is hit by Jeff Carter and loses puck.
13:18 of 2nd period - Snap shot by Scott Hartnell.
13:18 of 2nd period - Shot Misses the Net.
13:53 of 2nd period - Snap shot by Jeff Carter.
13:53 of 2nd period - Stopped by Tyler Weiman with a rebound.
14:37 of 2nd period - Penalty to Chris Gratton is over, Chris Gratton is back on ice.
14:41 of 2nd period - Nicklas Lidstrom is hit by Victor Oreskovich and loses puck.
14:58 of 2nd period - Slapshot by Francis Bouillon.
14:58 of 2nd period - Stopped by Evgeni Nabokov without a rebound.
14:59 of 2nd period - Joe Sakic wins face-off versus Matt Hendricks in Bruins zone.
15:00 of 2nd period - Slapshot by Hnat Domenichelli.
15:00 of 2nd period - Deflect By Joe Sakic.
15:00 of 2nd period - Shot Misses the Net.
15:00 of 2nd period - Puck is out of play.
15:01 of 2nd period - Matt Hendricks wins face-off versus Joe Sakic in Bruins zone.
15:01 of 2nd period - Matt Hendricks is hit by Nikita Alexeev.
15:31 of 2nd period - Snap shot by Matt Cooke.
15:31 of 2nd period - Goal by Matt Cooke - Bruins : 2 - Blackhawks : 1.
15:32 of 2nd period - Eric Lindros wins face-off versus Scott Gomez in neutral zone.
15:57 of 2nd period - Alexander Frolov is hit by Jeff Carter and loses puck.
16:18 of 2nd period - Snap shot by Nikita Alexeev.
16:18 of 2nd period - Stopped by Evgeni Nabokov with a rebound.
16:22 of 2nd period - Slapshot by Joe Sakic.
16:22 of 2nd period - Shot Blocked by Scottie Upshall.
16:24 of 2nd period - Wrist shot by Joe Sakic.
16:24 of 2nd period - Deflect By Hnat Domenichelli.
16:24 of 2nd period - Stopped by Evgeni Nabokov without a rebound.
16:25 of 2nd period - Scott Gomez wins face-off versus Eric Lindros in Bruins zone.
17:19 of 2nd period - Slapshot by Victor Oreskovich.
17:19 of 2nd period - Shot Blocked by Francis Bouillon.
17:21 of 2nd period - Slapshot by Ryan O'Byrne.
17:21 of 2nd period - Deflect By Scottie Upshall.
17:21 of 2nd period - Stopped by Tyler Weiman with a rebound.
17:23 of 2nd period - Snap shot by Wayne Primeau.
17:23 of 2nd period - Stopped by Tyler Weiman with a rebound.
17:25 of 2nd period - Slapshot by Joe Corvo.
17:25 of 2nd period - Stopped by Tyler Weiman with a rebound.
17:27 of 2nd period - Wrist shot by Victor Oreskovich.
17:27 of 2nd period - Shot Blocked by Nikita Alexeev.
17:29 of 2nd period - Snap shot by Wayne Primeau.
17:29 of 2nd period - Deflect By Victor Oreskovich.
17:29 of 2nd period - Stopped by Tyler Weiman with a rebound.
17:55 of 2nd period - Minor Penalty to Zdeno Chara for Elbowing.
17:56 of 2nd period - Joe Sakic wins face-off versus Eric Lindros in Bruins zone.
17:59 of 2nd period - Wrist shot by Joe Sakic.
17:59 of 2nd period - Shot Misses the Net.
18:05 of 2nd period - Slapshot by Joe Sakic.
18:05 of 2nd period - Shot Misses the Net.
18:07 of 2nd period - Snap shot by Kris Versteeg.
18:07 of 2nd period - Stopped by Evgeni Nabokov with a rebound.
18:09 of 2nd period - Snap shot by Kristopher Letang.
18:09 of 2nd period - Shot Misses the Net.
18:11 of 2nd period - Wrist shot by Kris Versteeg.
18:11 of 2nd period - Shot Misses the Net.
19:30 of 2nd period - Icing by Nicklas Lidstrom.
19:31 of 2nd period - Joe Sakic wins face-off versus Jeff Carter in Blackhawks zone.
19:40 of 2nd period - Snap shot by Jeff Carter.
19:40 of 2nd period - Shot Blocked by Kristopher Letang.
19:42 of 2nd period - Snap shot by Andrew Alberts.
19:42 of 2nd period - Shot Blocked by Nicklas Lidstrom.
19:55 of 2nd period - Penalty to Zdeno Chara is over, Zdeno Chara is back on ice.
3rd period
0:01 of 3rd period - Eric Lindros wins face-off versus Scott Gomez in neutral zone.
0:04 of 3rd period - Slapshot by Wojtek Wolski.
0:04 of 3rd period - Shot Misses the Net.
0:46 of 3rd period - Icing by Eric Lindros.
0:47 of 3rd period - Eric Lindros wins face-off versus Brooks Laich in Bruins zone.
0:56 of 3rd period - Slapshot by Alexander Frolov.
0:56 of 3rd period - Shot Misses the Net.
1:38 of 3rd period - Snap shot by Michael Ryder.
1:38 of 3rd period - Stopped by Tyler Weiman with a rebound.
1:40 of 3rd period - Wrist shot by Michael Ryder.
1:40 of 3rd period - Deflect By Hnat Domenichelli.
1:40 of 3rd period - Shot Misses the Net.
1:40 of 3rd period - Puck is out of play.
1:41 of 3rd period - Scott Gomez wins face-off versus Eric Lindros in Blackhawks zone.
1:45 of 3rd period - Off-side.
1:46 of 3rd period - Scott Gomez wins face-off versus Wojtek Wolski in neutral zone.
2:01 of 3rd period - Slapshot by Wojtek Wolski.
2:01 of 3rd period - Stopped by Tyler Weiman with a rebound.
2:35 of 3rd period - Wrist shot by Hnat Domenichelli.
2:35 of 3rd period - Stopped by Evgeni Nabokov without a rebound.
2:36 of 3rd period - Joe Sakic wins face-off versus Wayne Primeau in Bruins zone.
2:37 of 3rd period - Wrist shot by Hnat Domenichelli.
2:37 of 3rd period - Stopped by Evgeni Nabokov with a rebound.
2:39 of 3rd period - Wrist shot by Hnat Domenichelli.
2:39 of 3rd period - Deflect By Joe Sakic.
2:39 of 3rd period - Shot Misses the Net.
2:39 of 3rd period - Puck is out of play.
2:40 of 3rd period - Eric Lindros wins face-off versus Nikita Alexeev in Bruins zone.
2:40 of 3rd period - Eric Lindros is hit by Nikita Alexeev.
3:36 of 3rd period - Wrist shot by Nikita Alexeev.
3:36 of 3rd period - Stopped by Evgeni Nabokov without a rebound.
3:37 of 3rd period - Scott Gomez wins face-off versus Jeff Carter in Bruins zone.
3:50 of 3rd period - Snap shot by Kris Versteeg.
3:50 of 3rd period - Stopped by Evgeni Nabokov without a rebound.
3:51 of 3rd period - Martin Havlat wins face-off versus Jeff Carter in Bruins zone.
4:21 of 3rd period - Matthew Spiller is hit by Matt Hendricks and loses puck.
4:40 of 3rd period - Wayne Primeau is hit by Greg De Vries and loses puck.
5:19 of 3rd period - Slapshot by Kristopher Letang.
5:19 of 3rd period - Shot Blocked by Richard Lintner.
5:21 of 3rd period - Slapshot by Kristopher Letang.
5:21 of 3rd period - Shot Misses the Net.
5:23 of 3rd period - Snap shot by Daniel Carcillo.
5:23 of 3rd period - Stopped by Evgeni Nabokov without a rebound.
5:24 of 3rd period - Chris Gratton wins face-off versus Jeff Carter in Bruins zone.
5:55 of 3rd period - Chris Gratton is hit by Wayne Primeau and loses puck.
6:00 of 3rd period - Snap shot by Victor Oreskovich.
6:00 of 3rd period - Stopped by Tyler Weiman without a rebound.
6:01 of 3rd period - Wayne Primeau wins face-off versus Scott Gomez in Blackhawks zone.
6:40 of 3rd period - Wrist shot by Victor Oreskovich.
6:40 of 3rd period - Stopped by Tyler Weiman without a rebound.
6:41 of 3rd period - Eric Lindros wins face-off versus Brooks Laich in Blackhawks zone.
7:06 of 3rd period - Nikita Alexeev is hit by Vitali Yachmenev and loses puck.
7:34 of 3rd period - Slapshot by Scott Hartnell.
7:34 of 3rd period - Stopped by Tyler Weiman with a rebound.
7:36 of 3rd period - Slapshot by Andrew Alberts.
7:36 of 3rd period - Shot Blocked by Greg De Vries.
7:50 of 3rd period - Snap shot by Jeff Carter.
7:50 of 3rd period - Shot Misses the Net.
7:52 of 3rd period - Wrist shot by Andrew Alberts.
7:52 of 3rd period - Shot Blocked by Greg De Vries.
7:56 of 3rd period - Snap shot by Jeff Carter.
7:56 of 3rd period - Goal by Jeff Carter - Bruins : 3 - Blackhawks : 1.
7:57 of 3rd period - Eric Lindros wins face-off versus Scott Gomez in neutral zone.
8:12 of 3rd period - Wrist shot by Kris Versteeg.
8:12 of 3rd period - Stopped by Evgeni Nabokov without a rebound.
8:13 of 3rd period - Wayne Primeau wins face-off versus Brooks Laich in Bruins zone.
8:13 of 3rd period - Wayne Primeau is hit by Colby Armstrong.
8:49 of 3rd period - Backhand shot by Daniel Briere.
8:49 of 3rd period - Stopped by Tyler Weiman without a rebound.
8:50 of 3rd period - Eric Lindros wins face-off versus Scott Gomez in Blackhawks zone.
8:56 of 3rd period - Minor Penalty to Martin Havlat for Slashing.
8:57 of 3rd period - Eric Lindros wins face-off versus Scott Gomez in Blackhawks zone.
9:00 of 3rd period - Wrist shot by Wojtek Wolski.
9:00 of 3rd period - Shot Misses the Net.
9:02 of 3rd period - Slapshot by Zdeno Chara.
9:02 of 3rd period - Shot Blocked by Matthew Spiller.
9:04 of 3rd period - Snap shot by Joe Corvo.
9:04 of 3rd period - Deflect By Eric Lindros.
9:04 of 3rd period - Shot Blocked by Matthew Spiller.
9:04 of 3rd period - Puck is out of play.
9:05 of 3rd period - Scott Gomez wins face-off versus Eric Lindros in Blackhawks zone.
9:20 of 3rd period - Snap shot by Wojtek Wolski.
9:20 of 3rd period - Goal by Wojtek Wolski - Bruins : 4 - Blackhawks : 1.
9:21 of 3rd period - Eric Lindros wins face-off versus Martin Havlat in neutral zone.
9:48 of 3rd period - Minor Penalty to Jeff Carter for Roughing.
9:49 of 3rd period - Eric Lindros wins face-off versus Joe Sakic in Bruins zone.
11:48 of 3rd period - Penalty to Jeff Carter is over, Jeff Carter is back on ice.
11:53 of 3rd period - Slapshot by Daniel Carcillo.
11:53 of 3rd period - Deflect By Chris Gratton.
11:53 of 3rd period - Stopped by Evgeni Nabokov with a rebound.
11:59 of 3rd period - Snap shot by Daniel Carcillo.
11:59 of 3rd period - Stopped by Evgeni Nabokov without a rebound.
12:00 of 3rd period - Scottie Upshall wins face-off versus Chris Gratton in Bruins zone.
12:13 of 3rd period - Wrist shot by Scottie Upshall.
12:13 of 3rd period - Shot Misses the Net.
12:15 of 3rd period - Snap shot by Scottie Upshall.
12:15 of 3rd period - Shot Misses the Net.
12:30 of 3rd period - Jeff Carter is hit by Daniel Carcillo and loses puck.
13:10 of 3rd period - Hnat Domenichelli is hit by Matt Cooke and loses puck.
13:49 of 3rd period - Alexander Frolov is hit by Eric Lindros and loses puck.
14:06 of 3rd period - Hnat Domenichelli is hit by Scott Hartnell and loses puck.
15:07 of 3rd period - Dan Hinote is hit by Eric Lindros and loses puck.
15:32 of 3rd period - Slapshot by Kris Versteeg.
15:32 of 3rd period - Goal by Kris Versteeg - Bruins : 4 - Blackhawks : 2.
15:33 of 3rd period - Eric Lindros wins face-off versus Joe Sakic in neutral zone.
15:45 of 3rd period - Icing by Francis Bouillon.
15:46 of 3rd period - Joe Sakic wins face-off versus Eric Lindros in Blackhawks zone.
16:01 of 3rd period - Wrist shot by Hnat Domenichelli.
16:01 of 3rd period - Stopped by Evgeni Nabokov with a rebound.
16:03 of 3rd period - Slapshot by Francis Bouillon.
16:03 of 3rd period - Stopped by Evgeni Nabokov with a rebound.
16:05 of 3rd period - Snap shot by Nikita Alexeev.
16:05 of 3rd period - Shot Misses the Net.
16:07 of 3rd period - Snap shot by Joe Sakic.
16:07 of 3rd period - Stopped by Evgeni Nabokov with a rebound.
16:27 of 3rd period - Zdeno Chara is hit by Nikita Alexeev and loses puck.
16:56 of 3rd period - Slapshot by Joe Sakic.
16:56 of 3rd period - Shot Blocked by Zdeno Chara.
16:58 of 3rd period - Wrist shot by Nikita Alexeev.
16:58 of 3rd period - Shot Misses the Net.
17:08 of 3rd period - Snap shot by Joe Sakic.
17:08 of 3rd period - Shot Misses the Net.
17:10 of 3rd period - Slapshot by Nicklas Lidstrom.
17:10 of 3rd period - Stopped by Evgeni Nabokov with a rebound.
17:12 of 3rd period - Slapshot by Hnat Domenichelli.
17:12 of 3rd period - Stopped by Evgeni Nabokov with a rebound.
17:14 of 3rd period - Snap shot by Francis Bouillon.
17:14 of 3rd period - Stopped by Evgeni Nabokov without a rebound.
17:15 of 3rd period - Scott Gomez wins face-off versus Wayne Primeau in Bruins zone.
17:26 of 3rd period - Snap shot by Victor Oreskovich.
17:26 of 3rd period - Shot Blocked by Martin Havlat.
18:01 of 3rd period - Off-side.
18:02 of 3rd period - Chris Gratton wins face-off versus Matt Cooke in neutral zone.
18:05 of 3rd period - Slapshot by Matthew Spiller.
18:05 of 3rd period - Shot Blocked by Christoph Schubert.
18:27 of 3rd period - Matthew Spiller is hit by Scottie Upshall and loses puck.
Output by the SimonT Hockey Simulator (STHS) for François Prévost -- Original Page W3C XHTML 1.0 Valid